 Dungeon Crawl Stone Soup version 0.30-a0-802-gb92711bcdf (webtiles) character file.

Game seed: 9052003539940284851

2 dolemite99 the Slasher (level 1, 0/13 HPs)
             Began as a Vampire Chaos Knight on Feb 24, 2023.
             Was a Plaything of Xom.
             Slain by a hobgoblin (2 damage)
             ... on level 1 of the Dungeon.
             The game lasted 00:00:09 (24 turns).

dolemite99 the Slasher (Vampire Chaos Knight)         Turns: 24, Time: 00:00:10

Health: 0/13       AC:  5    Str: 11    XL:     1   Next: 25%
Magic:  1/1        EV: 11    Int: 14    God:    Xom [..*...]
Gold:   0          SH:  0    Dex: 13    Spells: 0/0 levels left

rFire   . . .      SeeInvis +    a - +0 falchion (chaos)
rCold   + + .      Faith    .    (no shield)
rNeg    + + +      Spirit   .    b - +2 leather armour
rPois   ∞          Reflect  .    (no helmet)
rElec   .          Harm     .    (no cloak)
rCorr   .          Rampage  .    (no gloves)
Will    .....                    (no boots)
Stlth   +++                      (no amulet)
HPRegen 0.00/turn                (no ring)
MPRegen 0.07/turn                (no ring)

@: bloodless, inhibited regen
A: bloodless, fangs 3, see invisible, vampiric 1
a: Revivify, Renounce Religion


You were on level 1 of the Dungeon.
You worshipped Xom.
You were a toy of Xom.
You visited 1 branch of the dungeon, and saw 1 of its levels.

Inventory:

Hand Weapons
 a - a +0 falchion of chaos (weapon)
Armour
 b - a +2 leather armour (worn)
Miscellaneous
 c - a piece from Xom's chessboard (10/15)


   Skills:
 - Level 2.6 Fighting
 + Level 3.1 Long Blades
 - Level 0.7 Armour
 - Level 2.1 Dodging


You couldn't memorise any spells.
You didn't know any spells.
Your spell library was empty.

Dungeon Overview and Level Annotations

Branches:
Dungeon (1/15)

Altars:


Innate Abilities, Weirdness & Mutations

You do not regenerate when monsters are visible.
You are frail without blood (-20% HP).
You can heal yourself when you bite living creatures.
You are immune to poison.
You have razor-sharp teeth.
You have supernaturally acute eyesight. (SInv)
You are afflicted with vampirism.


Message History

No target in view!
No target in view!
No target in view!
No target in view!
No target in view!
No target in view!
No target in view!
No target in view!
No target in view!
Clearing quiver.
A hobgoblin comes into view. x2
The kobold says, "I'm a little confused."
The kobold hits you with a +0 short sword.
The kobold hits itself with a +0 short sword.
The kobold is killed!
The hobgoblin shouts!
The hobgoblin hits you.
You are too injured to fight recklessly!
You barely miss the hobgoblin.
The hobgoblin hits you but does no damage. x2
You are too injured to fight recklessly!
You barely miss the hobgoblin. The hobgoblin hits you.
The hobgoblin barely misses you.
You are too injured to fight recklessly!
You closely miss the hobgoblin. The hobgoblin hits you.
The hobgoblin barely misses you.
You are too injured to fight recklessly!
You are too injured to fight recklessly!
You hit the hobgoblin but do no damage. You drain the hobgoblin.
The hobgoblin is heavily wounded.
The hobgoblin hits you.
* * * LOW HITPOINT WARNING * * *
The hobgoblin hits you but does no damage.
You hit the hobgoblin. You burn the hobgoblin.
You kill the hobgoblin!
The hobgoblin barely misses you.
The hobgoblin hits you but does no damage.
You see here a hobgoblin corpse.
You completely miss the hobgoblin. The hobgoblin hits you.
You die...

##...###. ....... ...
...... .... ..... #..#
#...# ## #..# #...#
... #..###...###.. #..
#.....@....... #^.
##.....g.......
###..###..#)..########
................#
#P.....P#~#P..#
##~##P...P##~##P.#
~~~~~..<..~~~~~...#
##~##P...P##~##P..#
#P.....P#~# .....


You could see a hobgoblin.

Vanquished Creatures
  A hobgoblin (D:1)
  A kobold (D:1)
2 creatures vanquished.

Notes
Turn   | Place    | Note
-------+----------+-------------------------------------------
     0 | D:1      | dolemite99 the Vampire Chaos Knight began the quest for the
                  | Orb.
     0 | D:1      | Reached XP level 1. HP: 17/17 MP: 1/1
     0 | D:1      | XOM: divination: magic mapping
    24 | D:1      | Slain by a hobgoblin

Illustrated notes

Levels and vault maps discovered:
D:1:      eino_arrival_water_cross, layout_loops_ring, serial_shops, shop,
          shop_statue, shop, glass_columns_b, minmay_liquid_box,
          minmay_misc_feat_pillars, kennysheep_boxes

Action                     || total
---------------------------++-------
  Melee: Falchion          ||     6
Ability: Exsanguinate      ||     1
  Evoke: Piece from Xom's  ||     5
 Armour: Leather armour    ||     4
  Dodge: Dodged            ||     3

Table legend: (Time is in decaauts)
 A = Elapsed time spent in this place.
 B = Non-inter-level travel time spent in this place.
 C = Inter-level travel time spent in this place.
 D = Time resting spent in this place.
 E = Time spent auto-exploring this place.
 F = Levels seen in this place.
 G = Mean time per level.
                   A        B        C        D        E       F      G
               +--------+--------+--------+--------+--------+-----+--------+
         Total |     24 |     24 |      0 |      0 |      1 |   1 |   24.0 |
       Dungeon |     24 |     24 |      0 |      0 |      1 |   1 |   24.0 |
               +--------+--------+--------+--------+--------+-----+--------+

Top non-repeatable levels by time:
     D:1: 24 daAuts
